 Dungeon Crawl Stone Soup version 0.30-a0-141-g30f27751c5 (webtiles) character file.

Game seed: 10916869463352124364

3553 spaghetti the Grappler (level 10, -4/82 HPs)
             Began as a Gnoll Berserker on Sept 24, 2022.
             Was a Priest of Trog.
             Slain by a sun demon (18 damage)
             ... on level 9 of the Dungeon on Sept 26, 2022.
             The game lasted 00:12:42 (8812 turns).

spaghetti the Grappler (Gnoll Berserker)            Turns: 8812, Time: 00:12:42

Health: -4/82      AC: 30    Str: 21    XL:     10   Next: 9%
Magic:  17/17      EV:  7    Int:  6    God:    Trog [***...]
Gold:   415        SH:  9    Dex: 12    Spells: 19/19 levels left

rFire   . . .      SeeInvis .    j - +0 morningstar {mace}
rCold   . . .      Faith    .    E - +0 kite shield
rNeg    . . .      Spirit   .    x - +15 Maxwell's patent armour {-Cast -Tele rElec Will+ rCorr}
rPois   .          Reflect  .    H - +1 hat
rElec   +          Harm     .    s - +0 cloak
rCorr   +          Rampage  .    (no gloves)
Will    +++..      NoTele   +    (no boots)
Stlth   .......... NoCast   +    r - amulet of the acrobat
HPRegen 1.23/turn                (no ring)
MPRegen 0.15/turn                (no ring)

@: strong-willed, regenerating
A: fangs 1, strong nose, distributed training
a: Renounce Religion, Berserk, Trog's Hand


You were on level 9 of the Dungeon.
You worshipped Trog.
Trog was most pleased with you.
You visited 1 branch of the dungeon, and saw 9 of its levels.

You collected 415 gold pieces.


Innate Abilities, Weirdness & Mutations

You have very sharp teeth.
Your uncanny sense of smell can sniff out nearby items.
Your experience applies equally to all skills.


   Skills:
 + Level 8.4 Fighting
 + Level 5.1 Short Blades
 + Level 5.1 Long Blades
 + Level 5.1 Axes
 + Level 5.1 Maces & Flails
 + Level 5.1 Polearms
 + Level 5.1 Staves
 + Level 5.1 Ranged Weapons
 + Level 5.1 Throwing
 + Level 7.0 Armour
 + Level 7.0 Dodging
 + Level 5.1 Stealth
 + Level 5.1 Shields
 + Level 8.4 Unarmed Combat
 + Level 5.1 Spellcasting
 + Level 4.2 Conjurations
 + Level 4.2 Hexes
 + Level 4.2 Summonings
 + Level 4.2 Necromancy
 + Level 4.2 Translocations
 + Level 4.2 Transmutations
 + Level 4.2 Fire Magic
 + Level 4.2 Ice Magic
 + Level 4.2 Air Magic
 + Level 4.2 Earth Magic
 + Level 4.2 Poison Magic
 + Level 5.6 Invocations
 + Level 5.1 Evocations


You had 19 spell levels left.
You didn't know any spells.
Your spell library contained the following spells:

 Spells                   Type           Power      Damage    Failure   Level
 Magic Dart               Conj           24%        1d4       96%         1
 Blink                    Tloc           12%        N/A       99%         2
 Call Imp                 Summ           6%         N/A       99%         2
 Static Discharge         Conj/Air       12%        2-3/arc   99%         2
 Ignite Poison            Fire/Tmut/Pois 6%         N/A       100%        3
 Lesser Beckoning         Tloc           6%         N/A       100%        3
 Mephitic Cloud           Conj/Pois/Air  6%         N/A       100%        3
 Manifold Assault         Tloc           6%         N/A       100%        4
 Petrify                  Tmut/Erth      6%         N/A       100%        4
 Arcjolt                  Conj/Air       3%         1d13      100%        5
 Freezing Cloud           Conj/Ice/Air   3%         6-21      100%        5
 Lightning Bolt           Conj/Air       3%         1d14      100%        5
 Metabolic Englaciation   Hex/Ice        3%         N/A       100%        5
 Statue Form              Tmut/Erth      4%         N/A       100%        6
 Maxwell's Capacitive Co  Air            3%         ∞         100%        8

Inventory:

Hand Weapons
 j - a +0 morningstar (weapon) {mace}
   (You found it on level 2 of the Dungeon)
 l - a +2 short sword of venom {short}
   (You took it off a wight on level 7 of the Dungeon)
 K - a +3 spear {polearm}
   (You took it off a wight on level 8 of the Dungeon)
 L - a +2 great sword {long}
   (You took it off a wight on level 8 of the Dungeon)
 M - a +3 long sword {long}
   (You took it off a wight on level 8 of the Dungeon)
 N - a +2 halberd {polearm}
   (You took it off a wight on level 8 of the Dungeon)
Missiles
 b - 79 stones (quivered) {throwing}
 g - 14 javelins {throwing}
 i - 8 poisoned darts {throwing}
 y - 4 boomerangs {throwing}
 A - a throwing net {=f!fthrowing}
Armour
 s - a +0 cloak (worn)
   (You found it on level 4 of the Dungeon)
 x - the +15 Maxwell's patent armour (worn) {-Cast -Tele rElec Will+ rCorr}
   (You found it on level 5 of the Dungeon)

   rElec:     It insulates you from electricity.
   -Cast:     It prevents spellcasting.
   -Tele:     It prevents most forms of teleportation.
   rCorr:     It protects you from acid and corrosion.
   Will:      It increases your willpower.
 E - a +0 kite shield (worn)
   (You found it on level 5 of the Dungeon)
 H - a +1 hat (worn)
   (You found it on level 7 of the Dungeon)
Jewellery
 r - an amulet of the acrobat (around neck)
   (You found it on level 3 of the Dungeon)
Wands
 u - a wand of polymorph (6)
   (You found it on level 4 of the Dungeon)
 D - a wand of iceblast (10)
   (You found it on level 5 of the Dungeon)
 I - a wand of mindburst (18)
   (You found it on level 8 of the Dungeon)
Scrolls
 a - a scroll of noise {unknown}
 d - 2 scrolls of teleportation {@r4}
 e - 2 scrolls of fog
 o - 2 scrolls of blinking {!r}
 p - a scroll of poison {unknown}
 t - 2 scrolls of vulnerability {unknown}
 z - a scroll of torment {unknown}
 B - a scroll of enchant weapon {unknown}
 C - 2 scrolls of immolation {unknown}
 G - a scroll of enchant armour {unknown}
Potions
 c - 3 potions of degeneration {unknown}
 f - 3 potions of brilliance {unknown}
 h - 2 potions of cancellation {unknown}
 k - a potion of berserk rage {unknown}
 m - 3 potions of heal wounds {unknown}
 n - a potion of attraction {unknown}
 q - a potion of curing {unknown}
 v - a potion of might {unknown}
 w - 2 potions of haste {unknown}
 F - a potion of resistance {unknown}
 J - a potion of lignification {unknown}
 O - a potion of invisibility {unknown}

Dungeon Overview and Level Annotations

Branches:
Dungeon (9/15) Zot: 26957  Temple (0/1) D:7
   Lair: D:8-11         Orc: D:9-12

Altars:
Dithmenos
Hepliaklqana
Makhleb
Okawaru
Qazlal
Ru
Trog
Uskayaw
Vehumet
Yredelemnul

Shops:
D:3 :   D:4 *

Annotations:
D:6 exclusions: dart slug and 2 more exclusions

############
##########......)P..#
#........#._§..@3♣
#........#......♣5.P#
#........'.#....PP♣.#
#......).###........+
#........# #........#
#........# #>.......#
#........# #........#
#........# #####+####
#........#


You could see a sun demon and a quasit.


Message History

Found a leather armour and 6 stones.
Found an escape hatch in the floor.
Found a stone staircase leading up and a stone staircase leading down.
There is a stone staircase leading up here.
Unknown command.
You see here a +0 leather armour.
b - 79 stones {throwing} (gained 6)
A centaur comes into view.
The centaur wields a +0 shortbow.
The centaur shoots an arrow.
You block the arrow.
A centaur is nearby!
A centaur is nearby!
A centaur is nearby!
The centaur shoots an arrow.
You block the arrow.
The centaur shoots an arrow.
The arrow completely misses you.
The centaur unwields a +0 shortbow.
The centaur misses you.
You block the centaur's attack. x2; The centaur misses you.
You closely miss the centaur.
The centaur hits you but does no damage.
The centaur kicks you but does no damage.
The centaur hits you but does no damage.
The centaur kicks you but does no damage.
You sock the centaur!
The centaur hits you but does no damage.
The centaur kicks you.
The centaur hits you but does no damage.
The centaur kicks you but does no damage. 😕 HP[-2]
You take 2 damage, and now have 80/82 hp.
You closely miss the centaur.
The centaur hits you but does no damage.
You block the centaur's attack. x2
The centaur kicks you but does no damage. 😕 HP[+1]
You hit the centaur. You block the centaur's attack.
The centaur kicks you but does no damage.
The centaur hits you but does no damage.
You block the centaur's attack.
You hit the centaur.
The centaur hits you but does no damage.
You block the centaur's attack.
The centaur hits you but does no damage.
The centaur kicks you but does no damage.
You sock the centaur!
You kill the centaur!
Trog accepts your kill.
Your Armour skill increases to level 7!
Your Dodging skill increases to level 7! 😎 HP[+1]
Your hp is fully restored (82).
No target in view!
No target in view!
No target in view!
No target in view!
No target in view!
No target in view!
No target in view!
No target in view!
No target in view!
No target in view!
You open the door.
Found a shadowy altar of Dithmenos.
There is an open door here.
Found a stone staircase leading down.
There is a shadowy altar of Dithmenos here.
O - a sapphire potion The quasit gives a chilling moan.
A sun demon comes into view.
A sun demon is nearby!
You are acrobatic and have increased evasion.
Your movement speed is average.
Your attack delay is about 1.4 (and is slowed by your shield).
Your damage rating with your +0 morningstar {mace} is about 20 (Base 13 x 127% (Str) x 125% (Skill)).
The sun demon shouts!
The quasit bites something.
The quasit claws something. x2
The quasit bites something.
The quasit claws something. x2
The quasit bites something.
The quasit claws something. x2
The sun demon hits you but does no damage.
The quasit bites the demonic plant.
The demonic plant begins to die.
The quasit claws the demonic plant. x2
You thump the sun demon!
The sun demon hits you but does no damage.
The quasit bites the demonic plant.
The quasit claws the demonic plant. x2
You block the sun demon's attack.
The quasit bites something.
The quasit claws something. x2
You closely miss the sun demon. The sun demon hits you!
You are engulfed in flames!
The sun demon hits you!
You are engulfed in flames!!
* * * LOW HITPOINT WARNING * * *
😨 HP[-58]
You take 58 damage, and now have 24/82 hp.
MASSIVE DAMAGE!! (PAUSE) Unknown command.
Okay, then.
Okay, then.
Your skin crawls.
You feel strong-willed. The sun demon hits you!
* * * LOW HITPOINT WARNING * * *
You are engulfed in flames!!
You die...

Skill      XL: |  1  2  3  4  5  6  7  8  9 10 |
---------------+-------------------------------+-----
Invocations    | 1 2 3 4 5 |  5.6
Short Blades   | 1 2 3 4 5 |  5.1
Long Blades    | 1 2 3 4 5 |  5.1
Axes           | 1 2 3 4 5 |  5.1
Maces & Flails | 1 2 3 4 5 |  5.1
Polearms       | 1 2 3 4 5 |  5.1
Staves         | 1 2 3 4 5 |  5.1
Ranged Weapons | 1 2 3 4 5 |  5.1
Throwing       | 1 2 3 4 5 |  5.1
Stealth        | 1 2 3 4 5 |  5.1
Shields        | 1 2 3 4 5 |  5.1
Spellcasting   | 1 2 3 4 5 |  5.1
Evocations     | 1 2 3 4 5 |  5.1
Conjurations   | 1 2 3 4 |  4.2
Hexes          | 1 2 3 4 |  4.2
Summonings     | 1 2 3 4 |  4.2
Necromancy     | 1 2 3 4 |  4.2
Translocations | 1 2 3 4 |  4.2
Transmutations | 1 2 3 4 |  4.2
Fire Magic     | 1 2 3 4 |  4.2
Ice Magic      | 1 2 3 4 |  4.2
Air Magic      | 1 2 3 4 |  4.2
Earth Magic    | 1 2 3 4 |  4.2
Poison Magic   | 1 2 3 4 |  4.2
Armour         | 5 6 7 |  7.0
Dodging        | 5 6 7 |  7.0
Fighting       | 7 8 |  8.4
Unarmed Combat | 7 8 |  8.4

Action                   |  1- 3 |  4- 6 |  7- 9 | 10-12 || total
-------------------------+-------+-------+-------+-------++-------
Melee: Unarmed           |    74 |       |       |       ||    74
       Bite              |     8 |    13 |    42 |     2 ||    65
       Punch             |     2 |     7 |     1 |       ||    10
       Morningstar       |     9 |   158 |   300 |    28 ||   495
       Short sword       |       |       |    74 |       ||    74
Invok: Berserk           |     2 |     2 |     3 |       ||     7
       Trog's Hand       |       |       |     1 |     1 ||     2
Evoke: Wand              |       |       |     1 |       ||     1
  Use: Scroll            |       |     3 |       |       ||     3
 Stab: Invisible         |       |       |     1 |       ||     1
Armor: Animal skin       |     7 |       |       |       ||     7
       Chain mail        |     8 |    46 |       |       ||    54
       Ring mail         |       |    34 |       |       ||    34
       Plate armour      |       |       |   389 |    32 ||   421
Dodge: Dodged            |    40 |    88 |   131 |    11 ||   270
Block: Kite shield       |       |       |   206 |    21 ||   227

Levels and vault maps discovered:
D:1:      wheals_arrival_linesprint, layout_basic,
          shapermc_ecumenical_altar_starsandcircs
D:2:      layout_basic
D:3:      layout_basic, mainiacjoe_overflow_concentric_impassable,
          nicolae_shop_vocational
D:4:      layout_loops_ring, lemuel_doored_altar, nicolae_take_the_stairs,
          hangedman_decor_peaks_small
D:5:      layout_rooms, kennysheep_little_box, mainiacjoe_overflow_alcove_1,
          mainiacjoe_overflow_chevrons, serial_shops,
          nicolae_shop_overgrown_old_shop
D:6:      kennysheep_slugbush, layout_layer_cave,
          mainiacjoe_overflow_tiny_flanked, nicolae_overflow_two_pavilions,
          general_overflow_altar
D:7:      layout_basic, minmay_temple_entry_butterflies
D:8:      layout_cave_pods, nicolae_ru_great_annihilating_truth,
          mainiacjoe_overflow_paths
D:9:      layout_roguey, grunt_dithmenos_smoke, lair_entry_dummy, orc_0_dummy,
          serial_demonic, serial_demonic_e, serial_demonic_d, serial_demonic_b,
          serial_demonic_g

Notes
Turn   | Place    | Note
-------+----------+-------------------------------------------
     0 | D:1      | spaghetti the Gnoll Berserker began the quest for the Orb.
     0 | D:1      | Reached XP level 1. HP: 23/23 MP: 1/1
     0 | D:1      | magus.rc [v1.9.6]
   132 | D:1      | You add the spells Ignite Poison, Mephitic Cloud and
                  | Freezing Cloud to your library.
   156 | D:1      | Upgraded the game from 0.30-a0-137-gd8773701ce to
                  | 0.30-a0-141-g30f27751c5
   156 | D:1      | magus.rc [v1.9.6]
   238 | D:1      | You pick up a book of Lightning {forbidden} and begin
                  | reading...
   238 | D:1      | You add the spells Static Discharge, Lightning Bolt,
                  | Arcjolt and Maxwell's Capacitive Coupling to your library.
   411 | D:1      | Reached XP level 2. HP: 24/28 MP: 2/2
   510 | D:1      | You pick up a book of Minor Magic {forbidden} and begin
                  | reading...
   510 | D:1      | You add the spells Magic Dart and Call Imp to your library.
   705 | D:1      | Found a faded altar of an unknown god.
   994 | D:2      | Identified the +1 chain mail "Kufa" {Harm rPois Str+3}
  1021 | D:2      | Reached XP level 3. HP: 35/35 MP: 2/4
  1177 | D:2      | Reached skill level 1 in Invocations
  1210 | D:2      | You pick up a book of Lightning {forbidden} and begin
                  | reading...
  1272 | D:2      | Reached ** piety under Trog
  1394 | D:2      | Reached skill level 1 in Short Blades
  1394 | D:2      | Reached skill level 1 in Long Blades
  1394 | D:2      | Reached skill level 1 in Axes
  1394 | D:2      | Reached skill level 1 in Maces & Flails
  1394 | D:2      | Reached skill level 1 in Polearms
  1394 | D:2      | Reached skill level 1 in Staves
  1394 | D:2      | Reached skill level 1 in Ranged Weapons
  1394 | D:2      | Reached skill level 1 in Throwing
  1394 | D:2      | Reached skill level 1 in Stealth
  1394 | D:2      | Reached skill level 1 in Shields
  1394 | D:2      | Reached skill level 1 in Spellcasting
  1394 | D:2      | Reached skill level 1 in Evocations
  1733 | D:2      | Reached XP level 4. HP: 40/40 MP: 5/5
  1737 | D:2      | Reached skill level 1 in Conjurations
  1737 | D:2      | Reached skill level 1 in Hexes
  1737 | D:2      | Reached skill level 1 in Summonings
  1737 | D:2      | Reached skill level 1 in Necromancy
  1737 | D:2      | Reached skill level 1 in Translocations
  1737 | D:2      | Reached skill level 1 in Transmutations
  1737 | D:2      | Reached skill level 1 in Fire Magic
  1737 | D:2      | Reached skill level 1 in Ice Magic
  1737 | D:2      | Reached skill level 1 in Air Magic
  1737 | D:2      | Reached skill level 1 in Earth Magic
  1737 | D:2      | Reached skill level 1 in Poison Magic
  2403 | D:3      | Found Fefryg's Vocational Training.
  2777 | D:3      | Reached XP level 5. HP: 46/47 MP: 7/7
  2871 | D:3      | Found a stormy altar of Qazlal.
  2935 | D:3      | Identified the +1 ring mail "Wava" {Str+2}
  3367 | D:4      | Noticed an ogre
  3373 | D:4      | Killed an ogre
  3374 | D:4      | Reached skill level 2 in Invocations
  3381 | D:4      | Found Temota's General Store.
  3409 | D:4      | Reached XP level 6. HP: 53/53 MP: 8/8
  3508 | D:4      | Reached skill level 5 in Armour
  3508 | D:4      | Reached skill level 5 in Dodging
  3520 | D:4      | Reached skill level 2 in Short Blades
  3520 | D:4      | Reached skill level 2 in Long Blades
  3520 | D:4      | Reached skill level 2 in Axes
  3520 | D:4      | Reached skill level 2 in Maces & Flails
  3520 | D:4      | Reached skill level 2 in Polearms
  3520 | D:4      | Reached skill level 2 in Staves
  3520 | D:4      | Reached skill level 2 in Ranged Weapons
  3520 | D:4      | Reached skill level 2 in Throwing
  3520 | D:4      | Reached skill level 2 in Stealth
  3520 | D:4      | Reached skill level 2 in Shields
  3520 | D:4      | Reached skill level 2 in Spellcasting
  3520 | D:4      | Reached skill level 2 in Evocations
  3870 | D:4      | HP: 13/53 [poisoned by a scorpion]
  4234 | D:4      | Found an iron altar of Okawaru.
  4407 | D:5      | Entered Level 5 of the Dungeon
  4428 | D:5      | Reached skill level 7 in Fighting
  4428 | D:5      | Reached skill level 7 in Unarmed Combat
  4428 | D:5      | Reached XP level 7. HP: 40/60 MP: 10/10
  4647 | D:5      | Found the +15 Maxwell's patent armour {-Cast -Tele rElec
                  | Will+ rCorr}
  4660 | D:5      | Found a hide-covered altar of Uskayaw.
  4781 | D:5      | Found Turysal's Assorted Antiques.
  4812 | D:5      | Reached *** piety under Trog
  4918 | D:5      | Found a hazy altar of Hepliaklqana.
  4948 | D:5      | Found a burning altar of Makhleb.
  5011 | D:5      | Reached skill level 2 in Conjurations
  5011 | D:5      | Reached skill level 2 in Hexes
  5011 | D:5      | Reached skill level 2 in Summonings
  5011 | D:5      | Reached skill level 2 in Necromancy
  5011 | D:5      | Reached skill level 2 in Translocations
  5011 | D:5      | Reached skill level 2 in Transmutations
  5011 | D:5      | Reached skill level 2 in Fire Magic
  5011 | D:5      | Reached skill level 2 in Ice Magic
  5011 | D:5      | Reached skill level 2 in Air Magic
  5011 | D:5      | Reached skill level 2 in Earth Magic
  5011 | D:5      | Reached skill level 2 in Poison Magic
  5258 | D:6      | Reached skill level 3 in Invocations
  5689 | D:6      | Found a basalt altar of Yredelemnul.
  5689 | D:6      | Found a radiant altar of Vehumet.
  5767 | D:6      | Reached skill level 3 in Short Blades
  5767 | D:6      | Reached skill level 3 in Long Blades
  5767 | D:6      | Reached skill level 3 in Axes
  5767 | D:6      | Reached skill level 3 in Maces & Flails
  5767 | D:6      | Reached skill level 3 in Polearms
  5767 | D:6      | Reached skill level 3 in Staves
  5767 | D:6      | Reached skill level 3 in Ranged Weapons
  5767 | D:6      | Reached skill level 3 in Throwing
  5767 | D:6      | Reached skill level 3 in Stealth
  5767 | D:6      | Reached skill level 3 in Shields
  5767 | D:6      | Reached skill level 3 in Spellcasting
  5767 | D:6      | Reached skill level 3 in Evocations
  5767 | D:6      | Reached XP level 8. HP: 51/67 MP: 12/12
  6592 | D:7      | Reached skill level 3 in Conjurations
  6592 | D:7      | Reached skill level 3 in Hexes
  6592 | D:7      | Reached skill level 3 in Summonings
  6592 | D:7      | Reached skill level 3 in Necromancy
  6592 | D:7      | Reached skill level 3 in Translocations
  6592 | D:7      | Reached skill level 3 in Transmutations
  6592 | D:7      | Reached skill level 3 in Fire Magic
  6592 | D:7      | Reached skill level 3 in Ice Magic
  6592 | D:7      | Reached skill level 3 in Air Magic
  6592 | D:7      | Reached skill level 3 in Earth Magic
  6592 | D:7      | Reached skill level 3 in Poison Magic
  6592 | D:7      | Reached skill level 4 in Invocations
  6859 | D:7      | Reached skill level 6 in Armour
  6859 | D:7      | Reached skill level 6 in Dodging
  7215 | D:7      | Found a staircase to the Ecumenical Temple.
  7358 | D:8      | Found a sacrificial altar of Ru.
  7429 | D:8      | Noticed a wyvern
  7429 | D:8      | Noticed a wyvern
  7444 | D:8      | Killed a wyvern
  7445 | D:8      | Reached skill level 4 in Short Blades
  7445 | D:8      | Reached skill level 4 in Long Blades
  7445 | D:8      | Reached skill level 4 in Axes
  7445 | D:8      | Reached skill level 4 in Maces & Flails
  7445 | D:8      | Reached skill level 4 in Polearms
  7445 | D:8      | Reached skill level 4 in Staves
  7445 | D:8      | Reached skill level 4 in Ranged Weapons
  7445 | D:8      | Reached skill level 4 in Throwing
  7445 | D:8      | Reached skill level 4 in Stealth
  7445 | D:8      | Reached skill level 4 in Shields
  7445 | D:8      | Reached skill level 4 in Spellcasting
  7445 | D:8      | Reached skill level 4 in Evocations
  7445 | D:8      | Reached XP level 9. HP: 56/74 MP: 13/15
  7681 | D:8      | Reached skill level 8 in Fighting
  7681 | D:8      | Reached skill level 8 in Unarmed Combat
  8176 | D:8      | Reached skill level 5 in Invocations
  8222 | D:8      | Found a bloodstained altar of Trog.
  8261 | D:8      | Noticed a two-headed ogre
  8274 | D:8      | Killed a two-headed ogre
  8275 | D:8      | Reached skill level 4 in Conjurations
  8275 | D:8      | Reached skill level 4 in Hexes
  8275 | D:8      | Reached skill level 4 in Summonings
  8275 | D:8      | Reached skill level 4 in Necromancy
  8275 | D:8      | Reached skill level 4 in Translocations
  8275 | D:8      | Reached skill level 4 in Transmutations
  8275 | D:8      | Reached skill level 4 in Fire Magic
  8275 | D:8      | Reached skill level 4 in Ice Magic
  8275 | D:8      | Reached skill level 4 in Air Magic
  8275 | D:8      | Reached skill level 4 in Earth Magic
  8275 | D:8      | Reached skill level 4 in Poison Magic
  8362 | D:8      | Reached skill level 5 in Short Blades
  8362 | D:8      | Reached skill level 5 in Long Blades
  8362 | D:8      | Reached skill level 5 in Axes
  8362 | D:8      | Reached skill level 5 in Maces & Flails
  8362 | D:8      | Reached skill level 5 in Polearms
  8362 | D:8      | Reached skill level 5 in Staves
  8362 | D:8      | Reached skill level 5 in Ranged Weapons
  8362 | D:8      | Reached skill level 5 in Throwing
  8362 | D:8      | Reached skill level 5 in Stealth
  8362 | D:8      | Reached skill level 5 in Shields
  8362 | D:8      | Reached skill level 5 in Spellcasting
  8362 | D:8      | Reached skill level 5 in Evocations
  8362 | D:8      | Reached XP level 10. HP: 77/81 MP: 17/17
  8433 | D:8      | You pick up a book of Sloth {forbidden} and begin
                  | reading...
  8433 | D:8      | You add the spells Petrify, Metabolic Englaciation and
                  | Statue Form to your library.
  8458 | D:8      | You pick up a book of Spatial Translocations {forbidden}
                  | and begin reading...
  8458 | D:8      | You add the spells Blink, Lesser Beckoning and Manifold
                  | Assault to your library.
  8798 | D:9      | Reached skill level 7 in Armour
  8798 | D:9      | Reached skill level 7 in Dodging
  8800 | D:9      | Found a shadowy altar of Dithmenos.
  8807 | D:9      | Noticed a sun demon
  8812 | D:9      | HP: 14/82 [sun demon (11)]
  8812 | D:9      | Slain by a sun demon

Vanquished Creatures
  A two-headed ogre (D:8)
  2 wyverns (D:8)
  3 steam dragons
  2 ice beasts (D:6)
  An orc warrior (D:8)
  A black bear (D:8)
  An ogre (D:4)
  A centaur (D:9)
  A phantom (D:5)
  3 bullfrogs
  2 scorpions
  9 wights
  8 killer bees
  An electric eel (D:6)
  A hound (D:6)
  An orc priest (D:4)
  A jelly (D:4)
  3 iguanas
  3 orc wizards
  7 gnolls
  7 adders
  2 shadow imps
  4 worms
  5 dart slugs
  24 orcs
  6 ball pythons
  7 endoplasms
  4 giant cockroaches
  8 goblins
  5 hobgoblins
  5 quokkas
  3 bats
  8 frilled lizards
  6 kobolds
  2 rats
148 creatures vanquished.

Vanquished Creatures (others)
  An orc wizard (D:8)
  A dart slug (D:6)
  A demonic plant (D:9)
  2 plants (D:5)
5 creatures vanquished.

Grand Total: 153 creatures vanquished

Table legend:
 A = Non-vault XP
 B = Vault XP
 C = Vault XP percentage of total XP
 D = Non-vault monster count
 E = Vault monster count
 F = Vault count percentage of total count
                 A         B        C        D         E       F
            +---------+---------+-------+---------+---------+-------
      Total |    5024 |      52 |   1.0 |     142 |       8 |   5.3
            +---------+---------+-------+---------+---------+-------
        D:1 |      24 |       0 |   0.0 |      16 |       0 |   0.0
        D:2 |     102 |       0 |   0.0 |      21 |       0 |   0.0
        D:3 |      60 |       0 |   0.0 |      18 |       0 |   0.0
        D:4 |     338 |       0 |   0.0 |      21 |       0 |   0.0
        D:5 |     193 |       0 |   0.0 |      10 |       0 |   0.0
        D:6 |     536 |      13 |   2.4 |      12 |       4 |  25.0
        D:7 |    1034 |       0 |   0.0 |      20 |       0 |   0.0
        D:8 |    2627 |      39 |   1.5 |      23 |       4 |  14.8
        D:9 |     110 |       0 |   0.0 |       1 |       0 |   0.0
            +---------+---------+-------+---------+---------+-------

Illustrated notes

Table legend:
 A = Kills in this place as a percentage of kills in entire the game.
 B = Kills by you in this place as a percentage of kills by you in the entire game.
 C = Kills by friends in this place as a percentage of kills by friends in the entire game.
 D = Other kills in this place as a percentage of other kills in the entire game.
 E = Experience gained in this place as a percentage of experience gained in the entire game.
 F = Experience gained in this place divided by the number of levels of this place that you have seen.
                   A       B       C       D       E      F
               +-------+-------+-------+-------+-------+----------------------
         Total | 100.0 | 100.0 |   N/A | 100.0 | 100.0 | 564.0
       Dungeon | 100.0 | 100.0 |   N/A | 100.0 | 100.0 | 564.0
               +-------+-------+-------+-------+-------+----------------------

Table legend: (Time is in decaauts)
 A = Elapsed time spent in this place.
 B = Non-inter-level travel time spent in this place.
 C = Inter-level travel time spent in this place.
 D = Time resting spent in this place.
 E = Time spent auto-exploring this place.
 F = Levels seen in this place.
 G = Mean time per level.
                   A        B        C        D        E       F      G
               +--------+--------+--------+--------+--------+-----+--------+
         Total |   9082 |   8788 |    294 |    284 |   7019 |   9 | 1009.1 |
       Dungeon |   9082 |   8788 |    294 |    284 |   7019 |   9 | 1009.1 |
               +--------+--------+--------+--------+--------+-----+--------+

Top non-repeatable levels by time:
     D:8: 1537 daAuts
     D:7: 1247 daAuts
     D:4: 1207 daAuts
     D:2: 1180 daAuts
     D:3: 1122 daAuts
     D:1: 986 daAuts
     D:6: 932 daAuts
     D:5: 828 daAuts
     D:9: 41 daAuts
